 Dungeon Crawl Stone Soup version 0.28.0-53-g5a82cb258f (webtiles) character file.

Game seed: 9564193213607166226

64 SanguineChosen the Skirmisher (level 4, -5/43 HPs)
             Began as a Gargoyle Monk on June 28, 2022.
             Killed from afar by an orc wizard (9 damage)
             ... with a magic dart
             ... on level 3 of the Dungeon.
             The game lasted 00:10:03 (3279 turns).

SanguineChosen the Skirmisher (Gargoyle Monk)       Turns: 3279, Time: 00:10:04

Health: -5/43      AC: 22    Str: 16 (17) XL:     4   Next: 12%
Magic:  4/4        EV:  2    Int:  8 (10) God:
Gold:   60         SH:  0    Dex: 10 (12) Spells: 3/3 levels left

rFire   . . .      SeeInvis .   a - +0 mace
rCold   . . .      Faith    .   (no shield)
rNeg    + . .      Spirit   .   (armour currently unavailable)
rPois   ∞          Reflect  .   (helmet currently unavailable)
rElec   .          Harm     .   (cloak currently unavailable)
rCorr   .          Rampage  .   (gloves currently unavailable)
Will    +....      NoTele   +   (boots currently unavailable)
Stlth   ++........              (no amulet)
HPRegen 0.14/turn               c - ring of willpower
MPRegen 0.09/turn               (no ring)

@: mighty, tree-form (expiring), on berserk cooldown, slowed, invisible, very
slow
A: stationary, stasis, torment immunity, boosted hp, sickness immunity, AC +3,
negative energy resistance 1, (electricity resistance), torment resistance 1,
petrification resistance
a: no special abilities


You were on level 3 of the Dungeon.
You were a tree.
You visited 1 branch of the dungeon, and saw 3 of its levels.

You collected 60 gold pieces.

Inventory:

Hand Weapons
 a - a +0 mace (weapon)
Missiles
 l - 6 poisoned darts (quivered)
Armour
 b - a +0 robe
 i - a +0 ring mail (melded)
 j - +1 gold dragon scales
 k - a +0 pair of gloves (melded)
Jewellery
 c - a ring of willpower (left branch)
Scrolls
 d - 7 scrolls of blinking {unknown}
 e - 2 scrolls of identify {unknown}
 h - a scroll of amnesia {unknown}


   Skills:
 + Level 3.8 Fighting
 + Level 3.7 Maces & Flails
 + Level 0.2 Armour
 + Level 2.9 Dodging
 + Level 2.8 Stealth


You had 3 spell levels left.
You didn't know any spells.
Your spell library was empty.

Dungeon Overview and Level Annotations

Branches:
Dungeon (3/15)

Altars:


Innate Abilities, Weirdness & Mutations

You are a tree.
Your roots penetrate the ground, keeping you stationary.
You cannot be teleported.
You are immune to unholy pain and torment.
Your maximum health is greatly increased.
Your equipment is partially melded.
You are immune to sickness and miasma.
((Your stone body is resilient. (AC +3)))
You are immune to poison.
You resist negative energy. (rN+)
((You are resistant to electric shocks. (rElec)))
You are resistant to unholy torment.
You are immune to petrification.


Message History

You hear some strange, mumbled words.
A puff of flame appears from out of thin air!
The puff of flame hits you.
* * * LOW HITPOINT WARNING * * *
It was a potion of degeneration.
There was something very wrong with that liquid.
You feel weakened.
You feel dopey.
You feel clumsy. Something hits you but does no damage.
It was a potion of invisibility.
You fade into invisibility!
Your transformation is almost over.
Something hits you but does no damage.
It was a potion of berserk rage.
A red film seems to cover your vision as you go berserk!
You feel yourself moving faster!
You feel mighty! Something hits you but does no damage.
You cannot move.
You cannot move.
You cannot move.
You are too berserk!
You cannot move.
You cannot move.
You cannot move.
You feel a strong urge to attack something.
Something hits you but does no damage.
You feel your anger nearly subside. Something hits you but does no damage.
You are no longer berserk.
You are exhausted.
You feel yourself slow down. Something hits you but does no damage.
You cannot move.
An orc wizard appears from thin air!
Reactivating autopickup.
The orc wizard hits you but does no damage.
As you read the scroll labelled GACOASAUME, it crumbles to dust.
It is a scroll of enchant armour.
Your +0 gold dragon scales glow green for a moment.
The orc wizard hits you but does no damage.
The orc wizard casts a spell at you. The magic dart hits you!
You die...

...... #.#
#............#
..l...##.#
##############
...o...#.#
Z...o..#.#####.#
...o...+......>#
.....ol#.#####.#
.....o.....# #
########.#o###.#
#..oo♣..#
###o###.# #.# ..
... ... ##.##
### #.# #.# #w#
...


You could see an orc wizard and 3 orcs.

Vanquished Creatures
  An adder (D:2)
  2 worms (D:2)
  A dart slug (D:1)
  An orc (D:3)
  6 bats
  6 endoplasms
  A giant cockroach (D:1)
  4 goblins (D:1)
  3 hobgoblins
  4 jackals (D:2)
  2 quokkas (D:1)
  3 ball pythons (D:1)
  2 frilled lizards
  A kobold (D:1)
  6 rats
43 creatures vanquished.

Notes
Turn   | Place    | Note
-------+----------+-------------------------------------------
     0 | D:1      | SanguineChosen the Gargoyle Monk began the quest for the
                  | Orb.
     0 | D:1      | Reached XP level 1. HP: 14/14 MP: 1/1
   411 | D:1      | Reached XP level 2. HP: 15/19 MP: 2/2
  1221 | D:1      | Reached XP level 3. HP: 17/23 MP: 3/3
  2574 | D:2      | Found a faded altar of an unknown god.
  2714 | D:2      | Reached XP level 4. HP: 11/29 MP: 4/4
  3279 | D:3      | Killed from afar by an orc wizard

Illustrated notes

Levels and vault maps discovered:
D:1:      shiori_shiawase, layout_basic, roderic_lattice_a
D:2:      layout_rooms, ebering_ecumenical_altar_sacrificial
D:3:      layout_basic, corexii_corridor_pit,
          wander_ebering_terrifying_dragon_lair

Action                   |  1- 3 |  4- 6 || total
-------------------------+-------+-------++-------
Melee: Mace              |   139 |    33 ||   172
       Punch             |     1 |     1 ||     2
  Use: Potion            |       |     5 ||     5
       Scroll            |       |     1 ||     1
 Stab: Sleeping          |     9 |       ||     9
Armor: Robe              |    28 |       ||    28
       Ring mail         |    51 |     8 ||    59
       Skin              |       |    16 ||    16
Dodge: Dodged            |    97 |    13 ||   110
